 Dungeon Crawl Stone Soup version 0.22.1-1-ga44c0e5 (webtiles) character file.

1057 Irenicus the Cleaver (level 8, 0/69 HPs)
             Began as a Deep Dwarf Monk on Oct 6, 2018.
             Was a Believer of Makhleb.
             Killed by divine providence
             ... invoked by an orc priest
              (11 damage)
             ... on level 4 of the Dungeon.
             The game lasted 00:16:18 (2491 turns).

Irenicus the Cleaver (Deep Dwarf Monk)              Turns: 2491, Time: 00:16:19

Health: 0/69       AC:  3    Str: 17    XL:     8   Next: 6%
Magic:  6/6        EV: 14    Int: 11    God:    Makhleb [**....]
Gold:   172        SH:  0    Dex: 17    Spells: 7/7 levels left

rFire    . . .     SeeInvis .   o - +3 hand axe (freeze)
rCold    . . .     Gourm    .   (no shield)
rNeg     . . .     Faith    .   b - +0 robe
rPois    .         Spirit   .   (no helmet)
rElec    .         Reflect  .   (no cloak)
rCorr    .         Harm     .   m - +0 pair of gloves
MR       ++...                  (no boots)
Stlth    ++........             (no amulet)
HPRegen  0.00/turn              g - ring of protection from magic {MR+, !d}
MPRegen  0.10/turn              k - +2 ring of strength

@: non-regenerating
A: damage resistance, heal wounds, sense surroundings 1, no regeneration
a: Heal Wounds, Minor Destruction, Renounce Religion


You were on level 4 of the Dungeon.
You worshipped Makhleb.
Makhleb was pleased with you.
You were hungry.

You visited 2 branches of the dungeon, and saw 7 of its levels.
You also visited: Sewer.

You collected 172 gold pieces.

Inventory:

Hand Weapons
 o - a +3 hand axe of freezing (weapon)
   (You found it on level 3 of the Dungeon)
Armour
 b - a +0 robe (worn)
 j - a +0 buckler
   (You found it on level 5 of the Dungeon)
 m - a +0 pair of gloves (worn)
   (You found it on level 2 of the Dungeon)
Jewellery
 g - a ring of protection from magic (left hand) {MR+, !d}
   (You found it on level 1 of the Dungeon)
 k - a +2 ring of strength (right hand)
   (You found it on level 1 of the Dungeon)
 u - an uncursed ring of wizardry {Wiz+, !d}
   (You found it on level 3 of the Dungeon)
 v - a +5 ring of evasion {unknown}
   (You found it on level 6 of the Dungeon)
Wands
 h - a wand of digging (10)
   (You took it off Ijyb on level 5 of the Dungeon)
 n - a wand of random effects (4)
   (You took it off Jessica on level 2 of the Dungeon)
Scrolls
 a - a scroll of enchant armour {unknown}
 d - 2 scrolls of blinking {!r}
 i - 6 scrolls of teleportation
 l - 3 scrolls of fear
 p - a scroll of fog {unknown}
Potions
 e - a potion of agility
 f - 3 potions of lignification {unknown}
 q - 2 potions of magic
 r - 5 potions of curing
 s - 2 potions of brilliance
 t - a potion of resistance {unknown}
 w - a potion of ambrosia {unknown}
Comestibles
 c - 6 rations


   Skills:
 - Level 3.5 Fighting
 * Level 10.3 Axes
 - Level 3.3 Dodging
 - Level 2.4 Stealth


You had 7 spell levels left.
You didn't know any spells.
Your spell library contained the following spells:

 Spells                   Type           Power        Failure   Level  Hunger
 Magic Dart               Conj           #...         34%         1    ##.....
 Blink                    Tloc           N/A          47%         2    ###....
 Call Imp                 Summ           #.......     47%         2    ###....
 Slow                     Hex            #.......     47%         2    ###....
 Conjure Flame            Conj/Fire      #.......     71%         3    ####...
 Mephitic Cloud           Conj/Pois/Air  #.......     71%         3    ####...


Dungeon Overview and Level Annotations

Branches:
Dungeon (6/15)             Temple (1/1) D:6

Altars:
Ashenzari
Cheibriados
Elyvilon
Kikubaaqudgha
Makhleb
Nemelex Xobeh
Okawaru
Qazlal
Trog
Vehumet
Wu Jian
The Shining One


Innate Abilities, Weirdness & Mutations

You are resistant to damage.
You can heal yourself by infusing magical energy.
You passively map a small area around you.
You do not regenerate.


Message History

There is a stone staircase leading up here.
Found a stone staircase leading up.
There is a stone staircase leading up here.
A goblin comes into view.
A frilled lizard comes into view.
The goblin shouts!
The frilled lizard moves out of view.
The goblin hits you.
You slash the goblin! You freeze the goblin.
You kill the goblin!
Makhleb accepts your kill.
You feel better.
You see here a goblin corpse.
The frilled lizard hisses angrily.
You closely miss the frilled lizard. You hit the frilled lizard.
The frilled lizard seems to slow down.
You freeze the frilled lizard.
You kill the frilled lizard!
Makhleb accepts your kill.
You see here a frilled lizard corpse.
You see here a goblin corpse.
You see here 16 stones.
You enter a teleport trap!
The teleport trap disappears.
Your surroundings suddenly seem different.
A frilled lizard comes into view.
The frilled lizard hisses angrily.
You are feeling hungry.
The frilled lizard barely misses you.
A worm comes into view.
You slash the frilled lizard!
The frilled lizard seems to slow down.
You freeze the frilled lizard.
You kill the frilled lizard!
Makhleb accepts your kill.
Okay, then.
Aim: a worm The worm flickers and vanishes!
You see here a ration.
c - 6 rations (gained 1)
A rock wall.
The rock shatters into small pieces.
A bat comes into view.
The bat hits you but does no damage.
You hit the bat. You freeze the bat.
You kill the bat!
Makhleb accepts your kill.
You feel better.
A rat comes into view.
You see here a bat corpse.
You see here a scroll of fear.
l - 3 scrolls of fear (gained 1)
You hit the rat. You freeze the rat.
You kill the rat!
Makhleb accepts your kill.
A bat comes into view.
The bat misses you.
You hit the bat. You freeze the bat. The bat closely misses you.
The bat misses you. The bat hits you but does no damage.
You slash the bat! You freeze the bat.
You kill the bat!
Makhleb accepts your kill.
You feel better.
There is a stone staircase leading down here.
You climb downwards.
There is a stone staircase leading up here.
You see here 15 gold pieces.
You now have 172 gold pieces (gained 15).
An orc comes into view.
An orc wizard comes into view.
It is wielding a dagger. 2 orcs and an orc priest come into view.
The orc wizard shouts!
The orc priest shouts!
The orc priest looks braver for a moment.
The orc shouts! x2
The orc wizard looks satisfied for a moment.
The orc wizard casts a spell at you. The puff of frost hits you!
* * * LOW HITPOINT WARNING * * *
You take 9 damage, and have 14/69 hp.
You hit the orc. You freeze the orc.
You kill the orc!
Makhleb accepts your kill.
You feel better.
The orc wizard casts a spell.
The orc wizard seems to speed up.
The orc priest completely misses you. The orc hits you with a club.
The orc wizard hits you with a dagger.
* * * LOW HITPOINT WARNING * * *
You take 2 damage, and have 13/69 hp.
You barely miss the orc priest. You hit the orc wizard.
You freeze the orc wizard. You hit the orc but do no damage.
The orc priest hits you with a trident.
* * * LOW HITPOINT WARNING * * *
The orc wizard miscasts a cantrip.
The orc hits you with a club.
* * * LOW HITPOINT WARNING * * *
You take 2 damage, and have 11/69 hp.
You hit the orc priest. You freeze the orc priest. You hit the orc wizard.
You freeze the orc wizard. You hit the orc but do no damage.
The orc wizard begins to cast a cantrip, but forgets the words!
The orc priest calls down the wrath of Beogh upon you.
Beogh smites you!
You die...

*,,,,* #..,,#...#.#.#.....
*,,,,* #..#*#...#,#.#....#
*,,,,* #..# #...#,#.#....#
*,,,,* #..###...#.#Z#....#
******####........#.#.##....
#...........#.#.####.#
#...........#.#.......
*****###...o.......#....###.#
*,,,,.......@##....#.##.###.#
*,,,,......oo##..........##.#
*,,,,.......o###.........##.#
*,,,,........###.........##.#
*,,,,..........#.........##.#
*,,,,...............<....#*.#
*****####................#*,*
#....##..........##,*
*****##,,,,*#.............*


You could see an orc priest, an orc wizard and 2 orcs.

Vanquished Creatures
  A sky beast (D:5)
  2 ogres
  2 bullfrogs (Sewer)
  A wyvern skeleton (D:5)
  A scorpion (D:5)
  A hound (D:5)
  3 orc wizards
  An orc priest (D:3)
  An iguana (D:6)
  Ijyb (D:5)
  Jessica (D:2)
  2 worker ants (D:5)
  A howler monkey zombie (D:5)
  4 gnolls (D:2)
  13 adders
  4 river rats
  An ooze (Sewer)
  A worm (D:4)
  A dart slug (D:2)
  6 leopard geckos
  6 orcs
  6 bats
  5 giant cockroaches
  4 goblins
  5 hobgoblins
  3 jackals (D:5)
  A kobold (D:3)
  2 quokkas (D:4)
  9 ball pythons (Sewer)
  5 frilled lizards
  A quokka skeleton (D:5)
  32 rats
127 creatures vanquished.

Notes
Turn   | Place    | Note
-------+----------+-------------------------------------------
     0 | D:1      | Irenicus the Deep Dwarf Monk began the quest for the Orb.
     0 | D:1      | Reached XP level 1. HP: 20/20 MP: 1/1
   468 | D:2      | Reached XP level 2. HP: 21/27 MP: 2/2
   496 | D:2      | Found a stormy altar of Qazlal.
   523 | D:2      | Reached skill level 3 in Fighting
   523 | D:2      | Reached skill level 4 in Axes
   637 | D:2      | Reached XP level 3. HP: 13/34 MP: 3/3
   638 | D:2      | HP: 8/34 [gnoll (5)]
   695 | D:2      | Noticed Jessica
   706 | D:2      | HP: 8/34 [adder (1)]
   707 | D:2      | Reached XP level 4. HP: 10/42 MP: 4/4
   775 | D:2      | Found a faded altar of an unknown god.
   783 | D:2      | Killed Jessica
   783 | D:2      | Reached skill level 5 in Axes
   884 | D:3      | HP: 7/42 [orc wizard/dagger of flaming (4)]
   886 | D:3      | Reached XP level 5. HP: 8/49 MP: 5/5
   912 | D:3      | Reached skill level 6 in Axes
  1010 | D:3      | Found a glowing drain.
  1014 | Sewer    | Entered a sewer
  1176 | Sewer    | HP: 6/49 [river rat (7)]
  1190 | Sewer    | Reached XP level 6. HP: 21/56 MP: 6/6
  1214 | Sewer    | Reached skill level 7 in Axes
  1268 | Sewer    | HP: 12/56 [bullfrog (4)]
  1276 | Sewer    | HP: 12/56 [bullfrog (4)]
  1411 | D:3      | Reached skill level 8 in Axes
  1477 | D:4      | Found an ornate altar of the Wu Jian Council.
  1481 | D:4      | HP: 7/56 [worm (5)]
  1532 | D:5      | Entered Level 5 of the Dungeon
  1535 | D:5      | Found an iron altar of Okawaru.
  1567 | D:5      | Reached XP level 7. HP: 27/62 MP: 7/7
  1676 | D:5      | HP: 10/62 [wyvern skeleton (11)]
  1692 | D:5      | Reached skill level 9 in Axes
  1730 | D:5      | Noticed Ijyb
  1742 | D:5      | Killed Ijyb
  1795 | D:5      | HP: 13/62 [something (3)]
  1806 | D:5      | HP: 13/62 [howler monkey zombie (3)]
  1877 | D:5      | HP: 11/62 [worker ant (2)]
  1912 | D:6      | Reached skill level 10 in Axes
  1918 | D:6      | HP: 6/62 [ogre/giant club (28)]
  1923 | D:6      | Reached XP level 8. HP: 33/69 MP: 6/6
  1945 | D:6      | Found a staircase to the Ecumenical Temple.
  1985 | Temple   | Entered the Ecumenical Temple
  2023 | Temple   | Became a worshipper of Makhleb the Destroyer
  2023 | Temple   | Reached * piety under Makhleb
  2023 | Temple   | Reached ** piety under Makhleb
  2487 | D:4      | HP: 14/69 [orc wizard/puff of frost (9)]
  2491 | D:4      | Killed from afar by an orc priest

Skill      XL: |  1  2  3  4  5  6  7 |
---------------+----------------------+-----
Fighting       | 3 |  3.5
Axes           | 4 5 6 8 10 | 10.3
Dodging        | |  3.3
Stealth        | |  2.4

Action                   |  1- 3 |  4- 6 |  7- 9 || total
-------------------------+-------+-------+-------++-------
Melee: Hand axe          |    76 |   198 |    94 ||   368
 Abil: Heal Wounds       |     1 |     2 |     4 ||     7
Evoke: Wand              |       |       |    13 ||    13
  Use: Potion            |       |     5 |       ||     5
       Scroll            |       |     9 |       ||     9
 Stab: Sleeping          |     2 |     8 |     3 ||    13
       Distracted        |       |     2 |       ||     2
  Eat: Chunk             |       |     3 |     2 ||     5
Armor: Robe              |    13 |    31 |    17 ||    61
Dodge: Dodged            |    49 |   137 |    42 ||   228

Vault maps used:
D:1:      elethiomel_arrival_shortcut
D:2:      lemuel_round_altar, lemuel_coloured_pillars_altar,
          chequers_ecumenical_altar_simple, uniq_jessica
D:3:      gup_sewer_entry_spiral
D:4:      lemuel_crystal_altar, first_ration, uniq_crazy_yiuf_cottage
D:5:      basic_altar, minmay_joined_circles, uniq_ijyb
D:6:      temple_pool_b, serial_shops,
          nicolae_shop_temple_entry_statues_fountains, minivault_19,
          nicolae_tso_swordbearing_angel
Temple:   dpeg_three_leaves_temple
Sewer:    sewer_minmay_w

Table legend:
 A = Turns spent in this place as a percentage of turns spent in the entire game.
 B = Non-inter-level travel turns spent in this place as a percentage of non-inter-level travel turns spent in the entire game.
 C = Inter-level travel turns spent in this place as a percentage of turns spent in this place.
 D = Turns resting spent in this place as a percentage of non-inter-level travel turns spent in this place.
 E = Turns spent auto-exploring this place as a percentage of non-inter-level travel turns spent in this place.
 F = Non-inter-level travel turns spent in this place divided by the number of levels of this place that you've seen.
                   A       B       C       D       E      F
               +-------+-------+-------+-------+-------+----------------------
         Total | 100.0 | 100.0 |   2.8 |   0.0 |   0.0 | 302.6
       Dungeon |  86.1 |  85.7 |   3.3 |   0.0 |   0.0 | 345.8
        Temple |   2.0 |   2.1 |   0.0 |   0.0 |   0.0 |  51.0
         Sewer |  11.8 |  12.2 |   0.0 |   0.0 |   0.0 | 295.0
               +-------+-------+-------+-------+-------+----------------------

Table legend:
 A = Kills in this place as a percentage of kills in entire the game.
 B = Kills by you in this place as a percentage of kills by you in the entire game.
 C = Kills by friends in this place as a percentage of kills by friends in the entire game.
 D = Other kills in this place as a percentage of other kills in the entire game.
 E = Experience gained in this place as a percentage of experience gained in the entire game.
 F = Experience gained in this place divided by the number of levels of this place that you have seen.
                   A       B       C       D       E      F
               +-------+-------+-------+-------+-------+----------------------
         Total | 100.0 | 100.0 |   N/A |   N/A | 100.0 | 188.9
       Dungeon |  62.2 |  62.2 |   N/A |   N/A |  76.1 | 191.7
         Sewer |  37.8 |  37.8 |   N/A |   N/A |  23.9 | 361.0
               +-------+-------+-------+-------+-------+----------------------
